Map: Abyssal Reef LE

Players

stakiimaN (stakimaN)

  • Race: Zerg Zerg
  • Spawn Location: 5:00

SortOf - Winner!

  • Race: Zerg Zerg
  • Spawn Location: 11:00

Event: WCS Valencia 2017

VOD

Have the link to the VOD?

Description

Time

  • Played on: July 13, 2017, 7:31 a.m.
  • Length: 6:47

All games in this series

Show
View Real Time Build Order
Export as new Build Order

stakiimaN Zerg 

Build Orders: Hatch First 

Get SALT Encoding   

  12  0:02  Drone  
  13  0:12  Overlord  
  13  0:17  Drone  
  14  0:30  Drone x2  
  14  0:34  Drone  
  17  0:51  Hatchery  
  17  0:53  Drone  
  17  0:57  Drone  
  18  1:07  Extractor  
  17  1:12  Spawning Pool  
  17  1:15  Drone  
  17  1:18  Drone  
  18  1:28  Drone  
  19  1:38  Overlord  
  19  1:49  Drone  
  20  2:00  Queen  
  20  2:01  Zergling x2  
  23  2:03  Queen  
  23  2:04  Zergling x2  
  23  2:06  Metabolic Boost  
  26  2:11  Drone  
  26  2:14  Drone  
  28  2:24  Drone  
  28  2:25  Drone  
  30  2:33  Zergling x2  
  30  2:36  Zergling x2  
  30  2:43  Drone  
  30  2:46  Zergling x2  
  30  2:50  Baneling Nest  
  30  2:56  Hatchery  
  30  2:58  Overlord  
  29  3:02  Zergling x2  
  29  3:05  Zergling x2  
  31  3:07  Zergling x2  
  32  3:15  Zergling x6  
  35  3:21  Overlord  
  35  3:23  Zergling x2  
  36  3:31  Drone x3  
  36  3:32  Drone  
  40  3:34  Drone  
  41  3:42  Overlord  
  41  3:46  Drone  
  41  3:49  Drone  
  41  3:50  Drone x2  
  41  3:53  Drone  
  44  3:57  Drone  
  45  4:04  Evolution Chamber, Overlord  
  45  4:07  Drone x2  
  45  4:08  Drone  
  47  4:11  Drone  
  47  4:13  Drone  
  47  4:15  Drone  
  50  4:19  Drone  
  50  4:20  Drone  
  52  4:24  Lair  
  52  4:27  Drone x2  
  52  4:28  Drone  
  55  4:32  Zerg Missile Weapons Level 1  
  55  4:36  Overlord  
  55  4:41  Drone  
  55  4:42  Roach Warren  
  55  4:43  Extractor  
  55  4:45  Extractor, Drone x2  
  55  4:49  Overlord  
  55  4:54  Drone  
  55  4:58  Overlord  
  56  5:09  Zergling x22  
  56  5:13  Zergling x2  
  66  5:16  Queen  
  66  5:17  Zergling x2  
  66  5:18  Baneling  
  67  5:23  Zergling x2  
  67  5:24  Zergling x4  
  67  5:27  Zergling x2  
  66  5:35  Drone x2  
  61  5:37  Drone  
  61  5:39  Drone  
  63  5:54  Hatchery, Drone  
  63  5:56  Drone  
  64  5:59  Drone  
  64  6:00  Drone  
  64  6:03  Roach x2  
  67  6:10  Roach  
  69  6:12  Zergling x2  
  69  6:20  Roach  
  69  6:21  Zergling x2  
Show
View Real Time Build Order
Export as new Build Order

SortOf Zerg - Winner!

Build Orders: Pool First 

Get SALT Encoding   

  12  0:00  Drone  
  13  0:13  Overlord  
  13  0:17  Drone  
  14  0:31  Drone x2  
  16  0:41  Spawning Pool  
  15  0:44  Drone  
  15  0:49  Drone  
  17  1:05  Drone  
  18  1:12  Hatchery  
  17  1:20  Extractor  
  16  1:28  Zergling x4  
  16  1:29  Zergling x2  
  19  1:32  Queen  
  21  1:41  Overlord  
  21  1:50  Drone  
  22  2:06  Drone  
  23  2:08  Queen  
  23  2:15  Drone  
  26  2:24  Queen  
  26  2:25  Drone x2  
  30  2:34  Drone  
  30  2:36  Drone  
  31  2:40  Drone  
  31  2:43  Overlord  
  31  2:44  Queen  
  31  2:47  Drone  
  34  2:52  Drone  
  35  2:59  Metabolic Boost  
  35  3:04  Drone x2  
  37  3:10  Drone  
  38  3:18  Evolution Chamber  
  37  3:26  Roach Warren  
  37  3:28  Evolution Chamber  
  37  3:32  Overlord  
  35  3:37  Queen  
  37  3:53  Overlord  
  37  3:55  Zerg Missile Weapons Level 1  
  37  4:00  Drone x6  
  43  4:07  Extractor, Overlord  
  42  4:10  Zergling x14  
  49  4:18  Zergling x4  
  51  4:25  Overlord  
  51  4:29  Zergling x2  
  52  4:35  Zergling x2  
  53  4:40  Zergling x8  
  57  4:50  Hatchery  
  56  4:54  Overlord  
  56  4:55  Roach  
  56  4:56  Roach x2  
  62  5:00  Roach  
  64  5:07  Roach  
  64  5:11  Roach x3  
  72  5:15  Roach  
  72  5:17  Roach  
  76  5:26  Roach x2  
  76  5:27  Roach  
  78  5:29  Roach  
  78  5:35  Roach x2  
  73  5:39  Roach  
  75  5:46  Lair  
  75  5:50  Overlord  
  75  5:51  Zergling x2  
  76  5:59  Roach  
  76  6:00  Roach  
  80  6:06  Drone  
  80  6:07  Drone x3  
  80  6:11  Roach  
  86  6:12  Drone  
  86  6:17  Roach x2  
  91  6:22  Roach  
  94  6:25  Drone  
  94  6:28  Drone x2  
Tags
 
Add a new tag
Caveats
  • Supply blocks, unpowered buildings, or Contaminate may cause inaccurate times.
  • Supply counts are checked every 10 seconds.